 Dungeon Sprint DCSS version 0.14-a0-2986-gd1872aa (webtiles) character file.

15300000 BluebellGnoll the Axe Maniac (level 27, -23/336 (341) HPs)
             Began as a Demonspawn Hunter on Mar 6, 2014.
             Was the Champion of Makhleb.
             Annihilated by a fleshlord
             ... wielding a +9,+9 great mace
              (97 damage)
             ... in the Dungeon (Sprint VIII: "Arena of Blood").
             The game lasted 00:13:11 (153 turns).

BluebellGnoll the Axe Maniac (Demonspawn Hunter)     Turns: 153, Time: 00:13:11

HP -23/336 (341) AC  9     Str 18      XL: 27
MP  49/49        EV 45     Int 10 (15) God: Makhleb [******]
Gold 0           SH  0     Dex 29      Spells:  0 memorised, 80 levels left

rFire  . . .     SeeInvis .     l - +∞ Axe of Woe
rCold  . . .     Clarity  .     d - +0 leather armour
rNeg   . . .     Conserve .     (no shield)
rPois  .         rCorr    .     (no helmet)
rElec  .         rRot     .     (no cloak)
SustAb . .       Spirit   .     (no gloves)
rMut   .         Warding  .     (boots unavailable)
Saprov . . .     NoTele   +     (no amulet)
MR     ++...                    n - +27000,+30 ring of slaying
                                m - +27000,+30 ring of slaying

@: mighty, agile, very poisoned, rotting, slowed, very slow, very resistant to
hostile enchantments, incredibly stealthy
A: hooves 3, rugged brown scales 3, powered by death 3, powered by pain 3,
robust 3
a: Minor Destruction, Lesser Servant of Makhleb, Major Destruction, Greater
Servant of Makhleb, Renounce Religion


You were in the Dungeon.
You worshipped Makhleb.
Makhleb was exalted by your worship.
You were not hungry.

You visited 1 branch

Inventory:

Hand weapons
 a - a +0,+0 short sword
 l - the +∞,+∞ Axe of Woe (weapon)
   (You found it in the Dungeon)
Missiles
 b - 5 javelins (quivered)
 c - 2 throwing nets
Armour
 d - a +0 leather armour (worn)
Comestibles
 f - a bread ration
Jewellery
 k - a +27000,+30 ring of slaying
 m - a +27000,+30 ring of slaying (left hand)
 n - a +27000,+30 ring of slaying (right hand)
Potions
 e - a potion of curing
 g - a potion of heal wounds
 h - a potion of speed
 i - 2 potions of magic
 j - a potion of berserk rage


   Skills:
 O Level 27 Fighting
 O Level 27 Short Blades
 O Level 27 Axes
 O Level 27 Throwing
 O Level 27 Armour
 O Level 27 Dodging
 O Level 27 Stealth
 O Level 27 Unarmed Combat
 O Level 27 Spellcasting
 O Level 27 Invocations


You had 80 spell levels left.
You didn't know any spells.

Dungeon Overview and Level Annotations

Branches:
Dungeon (1/1)

Altars:
Makhleb


Innate Abilities, Weirdness & Mutations

You have hooves in place of feet.
You are completely covered in rugged brown scales (AC +3, +7% HP).
You can steal the life force of all defeated enemies in sight.
You are powered by pain.
You are extremely robust (+30% HP).


Message History

Press: ? - help, Shift-Dir - straight line, f - scourge
Aim: a scourge (heavily wounded)
You throw a javelin. The javelin hits the scourge.
The scourge is heavily wounded.
You feel sick.
The meat beast appears out of thin air!
A meat beast comes into view.
You hear a shout!
The scourge throws poison arrow at you. The poison arrow hits you!
You are more poisoned.
You hear a shout!
The eight-headed meat hydra calls on the powers of darkness!
The eight-headed meat hydra convulses!
The fleshlord convulses!
The scourge convulses!
The fleshlord convulses!
Your body is wracked with pain!
* * * LOW HITPOINT WARNING * * *
You focus on the pain.
You feel mightier all of a sudden.
You hear a shout!
The fleshlord hits you with a +9,+9 great mace!
You die...

.....%...##.)...#
........#...)..#....
........#...###....
#.#...2)))........#.
.......).)........
...#...%.####..D..o
.........).#......
.........S(@....#
.....=..@@...####
##############


You could see a meat beast (wandering), an eight-headed meat hydra, a scourge
and 2 fleshlords.

Vanquished Creatures
  Sigmund (D)
  5 great orbs of eyes (D)
  8 greater mummies (D)
  10 hell beasts (D)
  7 hell knights (D)
  9 hill giants (D)
  5 hydras (D)
  4 liches (D)
  36 ogres (D)
  72 orcs (D)
  3 phantoms (D)
  4 skeletal warriors (D)
  13 vampire knights (D)
  3 wraiths (D)
  7 sea snakes (D)
  5 tentacled monstrosities (D)
  A reaper (D)
  6 small abominations (D)
  2 soul eaters (D)
  18 large abominations (D)
  3 crawling corpses (D)
222 creatures vanquished.

Vanquished Creatures (others)
  An orc (D)
  2 blizzard demons (D)
  A large abomination (D)
4 creatures vanquished.

Grand Total: 226 creatures vanquished

Notes
Turn   | Place    | Note
--------------------------------------------------------------
     0 | D        | BluebellGnoll, the Demonspawn Hunter, began the quest for the Orb.
     0 | D        | Reached XP level 1. HP: 16/16 MP: 1/1
     3 | D        | Noticed a bag of meat
     4 | D        | Became a worshipper of Makhleb the Destroyer
     5 | D        | Noticed a bag of meat
     5 | D        | Noticed a bag of meat
     5 | D        | Noticed a bag of meat
     6 | D        | Noticed a bag of meat
     7 | D        | Killed a bag of meat
     7 | D        | Reached skill level 12 in Fighting
     7 | D        | Reached skill level 19 in Axes
     7 | D        | Gained mutation: You are partially covered in rugged brown scales (AC +1, +3% HP). [demonic ancestry]
     7 | D        | Reached XP level 2. HP: 16/40 MP: 2/2
     7 | D        | Gained mutation: You sometimes gain a little power by taking damage. [demonic ancestry]
     7 | D        | Reached XP level 3. HP: 18/46 MP: 3/3
     7 | D        | Reached XP level 4. HP: 20/53 MP: 4/4
     7 | D        | Reached XP level 5. HP: 22/59 MP: 5/5
     7 | D        | Reached XP level 6. HP: 24/66 MP: 6/6
     7 | D        | Reached XP level 7. HP: 26/73 MP: 7/7
     7 | D        | Gained mutation: You can steal the life force of nearby defeated enemies. [demonic ancestry]
     7 | D        | Reached XP level 8. HP: 28/80 MP: 8/8
     7 | D        | Reached XP level 9. HP: 29/85 MP: 9/9
     7 | D        | Gained mutation: You can steal the life force of defeated enemies. [demonic ancestry]
     7 | D        | Reached XP level 10. HP: 31/92 MP: 10/10
     7 | D        | Gained mutation: You are mostly covered in rugged brown scales (AC +2, +5% HP). [demonic ancestry]
     7 | D        | Reached XP level 11. HP: 31/100 MP: 11/11
     8 | D        | Noticed a bag of meat
     8 | D        | Noticed a bag of meat
     8 | D        | Killed a bag of meat
     8 | D        | Acquired Makhleb's first power
     8 | D        | Reached skill level 21 in Axes
     8 | D        | Reached XP level 12. HP: 33/113 MP: 12/12
     9 | D        | Killed a bag of meat
     9 | D        | Reached skill level 15 in Fighting
     9 | D        | Reached skill level 23 in Axes
     9 | D        | Gained mutation: You sometimes gain power by taking damage. [demonic ancestry]
     9 | D        | Reached XP level 13. HP: 95/121 MP: 13/13
    10 | D        | Noticed a bag of meat
    11 | D        | Killed a bag of meat
    11 | D        | Reached skill level 24 in Axes
    11 | D        | Reached skill level 15 in Dodging
    13 | D        | Killed a bag of meat
    13 | D        | Acquired Makhleb's second power
    13 | D        | Reached skill level 25 in Axes
    13 | D        | Gained mutation: You have large cloven feet. [demonic ancestry]
    13 | D        | Reached XP level 14. HP: 130/135 MP: 14/14
    14 | D        | Killed a bag of meat
    14 | D        | Reached skill level 26 in Axes
    15 | D        | Noticed a meat berserker
    16 | D        | Noticed a bag of meat
    16 | D        | Noticed a bag of meat
    16 | D        | Killed a bag of meat
    16 | D        | Reached skill level 27 in Axes
    16 | D        | Gained mutation: You are completely covered in rugged brown scales (AC +3, +7% HP). [demonic ancestry]
    16 | D        | Reached XP level 15. HP: 137/150 MP: 15/15
    17 | D        | Killed a meat berserker
    17 | D        | Acquired Makhleb's third power
    18 | D        | Noticed a bag of meat
    18 | D        | Noticed a bag of meat
    19 | D        | Killed a bag of meat
    20 | D        | Noticed a bag of meat
    21 | D        | Noticed a bag of meat
    21 | D        | Noticed a bag of meat
    21 | D        | Killed a bag of meat
    22 | D        | Noticed a bag of meat
    23 | D        | Noticed a meat berserker
    23 | D        | Killed a bag of meat
    23 | D        | Acquired Makhleb's fourth power
    23 | D        | Reached skill level 15 in Armour
    23 | D        | Gained mutation: You have hoof-like feet. [demonic ancestry]
    23 | D        | Reached XP level 16. HP: 161/164 MP: 16/16
    24 | D        | Noticed a bag of meat
    25 | D        | Noticed a bag of meat
    25 | D        | Killed a bag of meat
    26 | D        | Noticed a large bag of meat
    27 | D        | Noticed a meat berserker
    28 | D        | Noticed a bag of meat
    28 | D        | Killed a bag of meat
    29 | D        | Noticed a bag of meat
    29 | D        | Noticed a bag of meat
    30 | D        | Noticed a meat berserker
    30 | D        | Noticed a meat berserker
    30 | D        | Killed a meat berserker
    30 | D        | Acquired Makhleb's fifth power
    31 | D        | Noticed a meat berserker
    31 | D        | Noticed a bag of meat
    31 | D        | Noticed a bag of meat
    31 | D        | Noticed a large bag of meat
    31 | D        | Killed a meat berserker
    31 | D        | Gained mutation: You have hooves in place of feet. [demonic ancestry]
    31 | D        | Reached XP level 17. HP: 172/176 MP: 17/17
    32 | D        | Noticed a bag of meat
    32 | D        | Killed a bag of meat
    33 | D        | Noticed a bag of meat
    33 | D        | Noticed a bag of meat
    33 | D        | Noticed a bag of meat
    34 | D        | Noticed a bag of meat
    34 | D        | Noticed a destroyer
    34 | D        | Killed a meat berserker
    34 | D        | Killed a bag of meat
    35 | D        | Noticed a meat berserker
    35 | D        | Killed a bag of meat
    35 | D        | Reached skill level 27 in Dodging
    36 | D        | Noticed a meat berserker
    36 | D        | Noticed a bag of meat
    36 | D        | Noticed a large bag of meat
    36 | D        | Noticed a meat berserker
    36 | D        | Killed a meat berserker
    36 | D        | Reached XP level 18. HP: 189/193 MP: 18/18
    36 | D        | Killed a bag of meat
    36 | D        | Reached skill level 27 in Fighting
    36 | D        | Killed a large bag of meat
    36 | D        | Reached skill level 27 in Armour
    38 | D        | Noticed a bag of meat
    38 | D        | Noticed a meat berserker
    38 | D        | Killed a destroyer
    38 | D        | Killed a bag of meat
    38 | D        | Killed a bag of meat
    38 | D        | Reached skill level 10 in Stealth
    39 | D        | Killed a meat berserker
    39 | D        | Reached skill level 15 in Invocations
    39 | D        | Gained mutation: You are robust (+10% HP). [demonic ancestry]
    39 | D        | Reached XP level 19. HP: 194/221 MP: 18/35
    39 | D        | Killed a large bag of meat
    40 | D        | Killed a bag of meat
    41 | D        | Killed a bag of meat
    41 | D        | Reached skill level 15 in Stealth
    41 | D        | Killed a meat berserker
    41 | D        | Killed a meat berserker
    42 | D        | Noticed a bag of meat
    42 | D        | Noticed a meat berserker
    42 | D        | Killed a bag of meat
    42 | D        | Killed a bag of meat
    42 | D        | Gained mutation: You are very robust (+20% HP). [demonic ancestry]
    42 | D        | Reached XP level 20. HP: 221/250 MP: 27/39
    42 | D        | Killed a bag of meat
    42 | D        | Reached skill level 27 in Throwing
    43 | D        | Noticed a bag of meat
    43 | D        | Noticed a large bag of meat
    43 | D        | Killed a meat berserker
    44 | D        | Noticed a bag of meat
    44 | D        | Killed a meat berserker
    45 | D        | Noticed a bag of meat
    45 | D        | Noticed a bag of meat
    45 | D        | Killed a bag of meat
    45 | D        | Reached skill level 27 in Invocations
    45 | D        | Killed a large bag of meat
    46 | D        | Killed a bag of meat
    46 | D        | Reached skill level 27 in Stealth
    46 | D        | Killed a bag of meat
    46 | D        | Reached XP level 21. HP: 259/259 MP: 36/42
    47 | D        | Noticed a sculptor of flesh
    47 | D        | Noticed a large bag of meat
    47 | D        | Noticed a bag of meat
    47 | D        | Noticed a bag of meat
    47 | D        | Noticed a bag of meat
    47 | D        | Noticed a bag of meat
    48 | D        | Noticed a destroyer
    48 | D        | Noticed a destroyer
    48 | D        | Noticed a bag of meat
    48 | D        | Noticed a bag of meat
    49 | D        | Noticed a bag of meat
    49 | D        | Killed a bag of meat
    50 | D        | Killed a bag of meat
    51 | D        | Noticed a bag of meat
    51 | D        | Noticed a destroyer
    51 | D        | Killed a bag of meat
    52 | D        | Noticed a meat berserker
    52 | D        | Noticed an accursed
    52 | D        | Killed a bag of meat
    53 | D        | Noticed a meat berserker
    53 | D        | Killed a destroyer
    53 | D        | Killed a bag of meat
    53 | D        | Reached skill level 27 in Unarmed Combat
    53 | D        | Killed a bag of meat
    54 | D        | Killed a bag of meat
    54 | D        | Killed a bag of meat
    54 | D        | Gained mutation: You can steal the life force of all defeated enemies in sight. [demonic ancestry]
    54 | D        | Reached XP level 22. HP: 269/269 MP: 42/44
    54 | D        | Killed a bag of meat
    55 | D        | Noticed a bag of meat
    55 | D        | Noticed a large bag of meat
    55 | D        | Noticed a destroyer
    55 | D        | Killed a large bag of meat
    55 | D        | Killed a sculptor of flesh
    55 | D        | Killed a destroyer
    55 | D        | Reached skill level 27 in Spellcasting
    56 | D        | Noticed a meat berserker
    56 | D        | Killed a bag of meat
    56 | D        | Killed a bag of meat
    56 | D        | Reached skill level 15 in Short Blades
    57 | D        | Killed a meat berserker
    58 | D        | Noticed a meat berserker
    58 | D        | Killed a destroyer
    58 | D        | Killed a bag of meat
    58 | D        | Gained mutation: You are powered by pain. [demonic ancestry]
    58 | D        | Reached XP level 23. HP: 278/278 MP: 45/48
    59 | D        | Noticed a destroyer
    59 | D        | Noticed a tyrant
    59 | D        | Noticed a meat berserker
    59 | D        | Noticed a destroyer
    59 | D        | Killed a destroyer
    59 | D        | Killed a bag of meat
    60 | D        | Noticed a meat berserker
    60 | D        | Killed a bag of meat
    60 | D        | Reached skill level 27 in Short Blades
    60 | D        | Killed a bag of meat
    60 | D        | Killed a bag of meat
    61 | D        | Noticed The Captor
    61 | D        | Killed a large bag of meat
    61 | D        | Killed a meat berserker
    61 | D        | Killed a meat berserker
    62 | D        | Noticed a bag of meat
    62 | D        | Noticed a dread
    62 | D        | Killed a large bag of meat
    63 | D        | Noticed a bag of meat
    63 | D        | Killed a meat berserker
    64 | D        | Noticed a meat beast
    64 | D        | Noticed a meat berserker
    64 | D        | Noticed a bag of meat
    64 | D        | Killed a meat berserker
    64 | D        | Reached XP level 24. HP: 241/288 MP: 48/48
    64 | D        | Killed a tyrant
    65 | D        | Noticed a bag of meat
    65 | D        | Noticed a meat berserker
    65 | D        | Killed an accursed
    65 | D        | Killed a destroyer
    66 | D        | Noticed a meat berserker
    66 | D        | Killed a bag of meat
    67 | D        | Noticed a bag of meat
    67 | D        | Noticed a destroyer
    67 | D        | Noticed a tyrant
    67 | D        | Noticed a dread
    67 | D        | Killed a bag of meat
    67 | D        | Killed a meat beast
    67 | D        | Killed The Captor
    68 | D        | Noticed an eight-headed meat hydra
    68 | D        | Noticed a bag of meat
    68 | D        | Killed a destroyer
    69 | D        | Killed a meat berserker
    70 | D        | Killed a meat berserker
    70 | D        | Killed a dread
    71 | D        | Noticed a large bag of meat
    71 | D        | Noticed a meat berserker
    71 | D        | Noticed a destroyer
    71 | D        | Killed a destroyer
    72 | D        | Noticed a meat beast
    72 | D        | Killed a bag of meat
    72 | D        | Killed a meat berserker
    73 | D        | Killed a meat berserker
    74 | D        | Killed a bag of meat
    74 | D        | Reached XP level 25. HP: 240/297 MP: 49/49
    76 | D        | Noticed a meat beast
    76 | D        | Noticed a bag of meat
    76 | D        | Killed a bag of meat
    76 | D        | Killed a meat berserker
    76 | D        | Killed a meat beast
    76 | D        | Killed a dread
    77 | D        | Noticed a bag of meat
    77 | D        | Killed a destroyer
    80 | D        | Noticed a meat beast
    80 | D        | Killed a large bag of meat
    80 | D        | Killed a bag of meat
    80 | D        | Killed a meat beast
    81 | D        | Noticed a destroyer
    82 | D        | Noticed a meat beast
    83 | D        | Noticed a meat berserker
    83 | D        | Noticed a meat berserker
    83 | D        | Noticed a sculptor of flesh
    83 | D        | Noticed an accursed
    83 | D        | Noticed a bag of meat
    83 | D        | Killed a meat beast
    83 | D        | Killed a bag of meat
    84 | D        | Noticed a meat berserker
    84 | D        | Noticed a bag of meat
    84 | D        | Noticed a destroyer
    85 | D        | Noticed a meat berserker
    85 | D        | Noticed a meat berserker
    85 | D        | Killed a bag of meat
    86 | D        | Killed a destroyer
    87 | D        | Noticed a large bag of meat
    87 | D        | Noticed a meat beast
    87 | D        | Killed a meat berserker
    87 | D        | Killed a destroyer
    88 | D        | Noticed a bag of meat
    88 | D        | Killed a meat beast
    89 | D        | Noticed a bag of meat
    89 | D        | Noticed a bag of meat
    89 | D        | Killed a meat berserker
    89 | D        | Killed a meat berserker
    89 | D        | Gained mutation: You are extremely robust (+30% HP). [demonic ancestry]
    89 | D        | Reached XP level 26. HP: 297/331 MP: 49/49
    90 | D        | Noticed a meat berserker
    90 | D        | Killed a nine-headed meat hydra
    90 | D        | Killed a tyrant
    91 | D        | Noticed an accursed
    91 | D        | Noticed a large bag of meat
    91 | D        | Killed a meat beast
    91 | D        | Killed an accursed
    91 | D        | Killed a meat berserker
    91 | D        | Killed a bag of meat
    92 | D        | Noticed a bag of meat
    92 | D        | Killed a sculptor of flesh
    93 | D        | Killed a bag of meat
    93 | D        | Killed a lost soul
    93 | D        | Killed a bag of meat
    94 | D        | Noticed an accursed
    94 | D        | Killed a meat berserker
    94 | D        | Killed a meat berserker
    95 | D        | Noticed a meat berserker
    95 | D        | Killed a large bag of meat
    95 | D        | Killed a bag of meat
    96 | D        | Noticed a meat beast
    96 | D        | Noticed a meat berserker
    96 | D        | Killed a bag of meat
    97 | D        | Noticed a bag of meat
    97 | D        | Killed a meat berserker
    98 | D        | Noticed a bag of meat
    98 | D        | Noticed a sculptor of flesh
    99 | D        | Noticed a meat berserker
    99 | D        | Killed an accursed
    99 | D        | Reached XP level 27. HP: 284/341 MP: 49/49
    99 | D        | Killed a meat beast
   100 | D        | Noticed a bag of meat
   100 | D        | Killed a large bag of meat
   100 | D        | Killed a bag of meat
   100 | D        | Killed a bag of meat
   101 | D        | Noticed a bag of meat
   101 | D        | Noticed a sculptor of flesh
   101 | D        | Killed a meat berserker
   102 | D        | Noticed a bag of meat
   102 | D        | Noticed an accursed
   102 | D        | Killed a bag of meat
   103 | D        | Killed a meat berserker
   104 | D        | Killed a lost soul
   104 | D        | Killed a meat berserker
   104 | D        | Killed an observer
   105 | D        | Noticed a destroyer
   108 | D        | Killed a bag of meat
   109 | D        | Noticed a meat berserker
   109 | D        | Killed a bag of meat
   110 | D        | Killed an accursed
   111 | D        | Killed a sculptor of flesh
   112 | D        | Noticed a meat beast
   112 | D        | Noticed a bag of meat
   112 | D        | Killed a meat berserker
   112 | D        | Killed a bag of meat
   112 | D        | Killed a sculptor of flesh
   112 | D        | Killed a bag of meat
   115 | D        | Noticed a meat berserker
   115 | D        | Killed a meat beast
   115 | D        | Killed an observer
   115 | D        | Killed a destroyer
   116 | D        | Noticed a meat beast
   116 | D        | Noticed a bag of meat
   117 | D        | Noticed a dread
   117 | D        | Noticed an accursed
   118 | D        | Killed a meat beast
   118 | D        | Killed a lost soul
   118 | D        | Killed a bag of meat
   119 | D        | Noticed a bag of meat
   119 | D        | Noticed an accursed
   119 | D        | Noticed a destroyer
   120 | D        | Noticed an accursed
   121 | D        | Killed a meat berserker
   122 | D        | Noticed a fleshlord
   122 | D        | Killed a destroyer
   123 | D        | Noticed a bag of meat
   124 | D        | Noticed a fleshlord
   124 | D        | Noticed a meat berserker
   125 | D        | Noticed a fleshlord
   126 | D        | Noticed a meat beast
   126 | D        | Killed a fleshlord
   126 | D        | Killed a bag of meat
   126 | D        | Killed an accursed
   127 | D        | Killed a dread
   127 | D        | Killed an accursed
   128 | D        | Noticed a tyrant
   129 | D        | Noticed a fleshlord
   129 | D        | Noticed a meat berserker
   129 | D        | Noticed a bag of meat
   129 | D        | Killed a meat berserker
   129 | D        | Killed a bag of meat
   129 | D        | Killed a fleshlord
   130 | D        | Noticed a bag of meat
   130 | D        | Noticed a bag of meat
   130 | D        | Noticed a tyrant
   130 | D        | Noticed a fleshlord
   132 | D        | Noticed a fleshlord
   132 | D        | Noticed a fleshlord
   132 | D        | Killed a fleshlord
   132 | D        | Killed a bag of meat
   132 | D        | Killed a fleshlord
   133 | D        | Noticed a meat berserker
   134 | D        | Noticed a bag of meat
   134 | D        | Noticed a bag of meat
   136 | D        | Killed a meat berserker
   136 | D        | Killed a meat beast
   137 | D        | Killed a fleshlord
   137 | D        | Killed an observer
   137 | D        | Killed a fleshlord
   138 | D        | Noticed a bag of meat
   138 | D        | Killed a bag of meat
   139 | D        | Killed a bag of meat
   139 | D        | Killed a meat berserker
   140 | D        | Killed a fleshlord
   140 | D        | Killed a bag of meat
   140 | D        | Killed an accursed
   142 | D        | Killed a bag of meat
   143 | D        | Killed an observer
   144 | D        | Killed a tyrant
   144 | D        | Killed a bag of meat
   145 | D        | Killed an accursed
   145 | D        | Killed a tyrant
   146 | D        | Noticed a meat berserker
   148 | D        | Noticed a bag of meat
   148 | D        | Killed a bag of meat
   148 | D        | Killed a meat berserker
   150 | D        | Noticed a fleshlord
   150 | D        | Noticed a fleshlord
   152 | D        | Killed an observer
   152 | D        | Killed a bag of meat
   153 | D        | Annihilated by a fleshlord

Action                   |  1- 3 |  4- 6 |  7- 9 | 10-12 | 13-15 | 16-18 | 19-21 | 22-24 | 25-27 || total
-------------------------+-------+-------+-------+-------+-------+-------+-------+-------+-------++-------
Melee: Executioner's axe |     1 |       |       |     2 |     8 |    10 |    13 |    20 |    57 ||   111
Throw: Javelin           |       |       |       |       |       |       |       |       |     1 ||     1
Invok: Greater Servant o |       |       |       |       |       |       |       |       |     2 ||     2
 Stab: Distracted        |       |       |       |       |       |       |       |       |     1 ||     1
